AoeStats
← [doGs] Charlie the Bird.

Fortress

509947187Analyzed
3v3 RM · 2d ago on Sep 28, 2026· 54m 3s· 6 players
Game mode
Random Map
Map size
Large (8 player)
Population
200
Speed
Normal
Resources
Standard
Victory
Conquest
Starting age
Dark Age
Ending age
Imperial Age
RankedLock teamsTeams togetherTeam positionsShared explorationLock speedFull tech treeHidden civsTurbo modeCheats
Victory
Defeat
🇩🇪 Poles · Germany
1043
+13
🇺🇸 Bohemians · United States
988
+15
🇩🇪 Ethiopians · Germany
899
+20
🇩🇪 Saxons · Germany
998
-17
🇩🇪 Poles · Germany
991
-17
🇩🇪 Britons · Germany
930
-14
Laying Down
4:24 Loom
7:20 Feudal Age
11:39 Castle Age
10:29 Horse Collar
10:35 Double-Bit Axe
11:12 Gold Mining
11:45 Forging
14:08 Husbandry
15:45 Bow Saw
16:46 Iron Casting
19:43 Szlachta Privileges
24:14 Imperial Age
22:00 Heavy Plow
21:51 Stone Mining
22:08 Scale Barding Armor
24:38 Chain Barding Armor
24:52 Bloodlines
24:03 Light Cavalry
29:29 Crop Rotation
29:36 Stone Shaft Mining
29:43 Winged Hussar
34:50 Chemistry
34:54 Town Watch
35:47 Wheelbarrow
35:59 Caravan
36:30 Coinage
41:53 Cavalier
42:40 Szlachta Privileges
49:32 Blast Furnace
48:28 Fletching
48:38 Padded Archer Armor
Alien Red
3:45 Loom
7:07 Feudal Age
9:02 Double-Bit Axe
11:57 Fletching
11:54 Horse Collar
14:43 Wheelbarrow
17:44 Castle Age
17:12 Gold Mining
17:37 Padded Archer Armor
19:26 Heavy Plow
19:37 Bow Saw
19:48 Leather Archer Armor
19:28 Bodkin Arrow
19:17 Crossbowman
20:10 Thumb Ring
24:22 Ballistics
26:22 Gold Shaft Mining
28:40 Imperial Age
29:54 Gold Shaft Mining
29:15 Arbalester
31:35 Halberdier
32:18 Squires
32:52 Hand Cart
32:59 Hand Cart
34:44 Chemistry
33:51 Bracer
34:56 Two-Man Saw
35:43 Ring Archer Armor
35:17 Squires
35:03 Arson
38:39 Forging
38:29 Scale Mail Armor
41:16 Stone Mining
42:03 Iron Casting
45:16 Blast Furnace
44:31 Chain Mail Armor
44:08 Town Watch
44:49 Fortified Wall
50:58 Stone Shaft Mining
54:10 Plate Mail Armor
54:27 Conscription
54:36 Conscription
aextropical#0420
7:50 Feudal Age
6:08 Loom
9:10 Double-Bit Axe
9:13 Horse Collar
15:09 Castle Age
17:10 Bow Saw
19:18 Chemistry
22:42 Wheelbarrow
23:42 Town Watch
28:05 Imperial Age
36:12 Conscription
39:09 Hand Cart
39:35 Caravan
44:08 Elite Hussite Wagon
44:57 Wagenburg Tactics
50:20 Houfnice
[doGs] Luk&Trug.
9:46 Feudal Age
15:32 Castle Age
13:30 Double-Bit Axe
13:28 Horse Collar
17:03 Bow Saw
16:55 Heavy Plow
20:50 Fletching
24:53 Squires
24:20 Elite Skirmisher
27:39 Loom
30:28 Imperial Age
29:17 Yeomen
30:11 Wheelbarrow
30:37 Ballistics
30:14 Murder Holes
30:21 Bodkin Arrow
32:44 Chemistry
31:57 Masonry
31:54 Pikeman
32:48 Elite Longbowman
34:00 Warwolf
36:32 Conscription
39:07 Onager
48:34 Bracer
48:35 Padded Archer Armor
49:10 Architecture
[doGs] Charlie the Bird.
8:39 Feudal Age
8:07 Loom
13:07 Castle Age
11:51 Double-Bit Axe
11:48 Horse Collar
11:59 Stone Mining
13:00 Town Watch
14:56 Wheelbarrow
16:51 Bow Saw
18:46 Fletching
22:29 Murder Holes
22:31 Gold Mining
23:46 Ballistics
24:18 Wheelbarrow
25:19 Hand Cart
29:18 Imperial Age
28:19 Town Patrol
29:39 Gold Shaft Mining
29:42 Padded Archer Armor
30:56 Thumb Ring
31:25 Elite Skirmisher
32:24 Fortified Wall
31:44 Pikeman
32:24 Squires
32:40 Bodkin Arrow
34:14 Halberdier
36:25 Two-Man Saw
35:27 Heavy Plow
35:32 Bracer
35:48 Leather Archer Armor
35:43 Forging
35:34 Scale Mail Armor
35:48 Arson
38:58 Masonry
38:54 Siege Engineers
39:07 Chain Mail Armor
39:27 Iron Casting
39:23 Ring Archer Armor
42:08 Plate Mail Armor
42:05 Shield Wall
43:50 Conscription
47:45 Gambesons
53:11 Treadmill Crane
55:11 Chemistry
[doGs] Walkuski.
0:54 Loom
7:15 Feudal Age
12:47 Castle Age
12:01 Double-Bit Axe
12:00 Horse Collar
13:08 Gold Mining
15:27 Wheelbarrow
17:32 Town Watch
21:18 Gold Mining
23:23 Treadmill Crane
25:18 Ballistics
24:50 Fletching
25:35 Light Cavalry
27:09 Bloodlines
27:22 Bow Saw
27:15 Town Patrol
30:23 Imperial Age
28:09 Husbandry
28:49 Hand Cart
28:38 Stone Mining
29:12 Bodkin Arrow
29:27 Forging
29:51 Masonry
31:31 Bracer
32:07 Iron Casting
32:43 Conscription
33:20 Lechitic Legacy
33:03 Elite Skirmisher
37:27 Elite Obuch
38:57 Heavy Plow
41:36 Winged Hussar
44:35 Onager
45:48 Cavalier
Connection lost

Rejoining the realm…

Still unreachable

The connection could not be restored.

Session expired

The server has moved on; the page needs a fresh start.